 Dungeon Crawl Stone Soup version 0.28-a0-750-g7c675f85b1 (webtiles) character file.

Game seed: 3923236644817202415

14 ytrimaz the Chopper (level 2, -2/22 HPs)
             Began as a Demonspawn Gladiator on Oct 29, 2021.
             Shot with a stone by something (6 damage)
             ... on level 2 of the Dungeon.
             The game lasted 00:01:01 (786 turns).

ytrimaz the Chopper (Demonspawn Gladiator)           Turns: 786, Time: 00:01:01

Health: -2/22      AC:  3    Str: 14    XL:     2   Next: 31%
Magic:  2/2        EV: 12    Int:  9    God:
Gold:   44         SH:  0    Dex: 14    Spells: 1/1 levels left

rFire   . . .      SeeInvis .   a - +0 war axe
rCold   . . .      Faith    .   (no shield)
rNeg    . . .      Spirit   .   b - +0 leather armour
rPois   .          Reflect  .   (helmet restricted)
rElec   .          Harm     .   (no cloak)
rCorr   .          Rampage  .   (no gloves)
Will    .....                   (no boots)
Stlth   +.........              (no amulet)
HPRegen 0.07/turn               (no ring)
MPRegen 0.08/turn               (no ring)

@: no status effects
A: horns 1
a: no special abilities


You were on level 2 of the Dungeon.
You visited 1 branch of the dungeon, and saw 2 of its levels.

You collected 44 gold pieces.

Inventory:

Hand Weapons
 a - a +0 war axe (weapon)
Missiles
 d - 3 throwing nets (quivered)
Armour
 b - a +0 leather armour (worn)
Wands
 j - a wand of flame (15)
Scrolls
 f - a scroll of identify
 g - a scroll of vulnerability
 h - a scroll of amnesia {unknown}
 i - a scroll of immolation {unknown}
Potions
 e - a potion of berserk rage {unknown}


   Skills:
 * Level 2.2 Fighting
 + Level 3.1 Axes
 - Level 1.7 Throwing
 + Level 2.9 Dodging


You had one spell level left.
You didn't know any spells.
Your spell library was empty.

Dungeon Overview and Level Annotations

Branches:
Dungeon (2/15)

Altars:


Innate Abilities, Weirdness & Mutations

You have a pair of small horns on your head.


Message History

The goblin is severely wounded.
The goblin barely misses you. The goblin hits you with a +0 dagger.
You barely miss the goblin. You headbutt the goblin.
You kill the goblin!
You hit the goblin.
The goblin is heavily wounded.
The goblin hits you with a +0 club.
You slash the goblin!
You kill the goblin!
You closely miss the hobgoblin. x2; The hobgoblin hits you.
The hobgoblin closely misses you.
You closely miss the hobgoblin. x2; The hobgoblin misses you.
The hobgoblin barely misses you.
The hobgoblin hits you but does no damage.
You barely miss the hobgoblin. You closely miss the hobgoblin.
The hobgoblin hits you but does no damage.
The hobgoblin barely misses you. x2
You barely miss the hobgoblin. You hit the hobgoblin.
The hobgoblin completely misses you. The hobgoblin closely misses you.
You hit the hobgoblin.
You kill the hobgoblin!
You hit the hobgoblin.
You kill the hobgoblin!
Unknown command.
Things that are here:
a +0 club; a +0 dagger; a +0 dagger A goblin comes into view.
It is wielding a +0 hunting sling.
A goblin is nearby!
A goblin is nearby!
The goblin shouts!
The goblin drinks a potion.
The goblin flickers and vanishes!
Deactivating autopickup; reactivate with Ctrl-A.
A stone appears from out of thin air!
The stone hits you.
A stone appears from out of thin air!
The stone hits you.
A stone appears from out of thin air!
The stone hits you.
* * * LOW HITPOINT WARNING * * *
A stone appears from out of thin air!
The stone hits you but does no damage.
A stone appears from out of thin air!
The stone barely misses you.
A stone appears from out of thin air!
The stone hits you.
You die...

#..# # #..# # #.#..#.#
#.#..#.# #......# #
###..###
#####.###########.......
#......@.......)[.......
#.###.##.......#..#.#.##
# #.......##.#.#.##
#.......##.#.#.##
#.......##...#.##
#≈≈≈≈≈≈≈#....#.##
#≈≈≈{≈≈≈##...#.##
####'######..#.## #'#
......


There were no monsters in sight!

Vanquished Creatures
  A ball python (D:1)
  An endoplasm (D:1)
  3 hobgoblins (D:2)
  4 bats
  3 goblins (D:2)
  A rat (D:2)
13 creatures vanquished.

Notes
Turn   | Place    | Note
-------+----------+-------------------------------------------
     0 | D:1      | ytrimaz the Demonspawn Gladiator began the quest for the
                  | Orb.
     0 | D:1      | Reached XP level 1. HP: 16/16 MP: 1/1
   205 | D:1      | Found a faded altar of an unknown god.
   733 | D:2      | Reached skill level 3 in Axes
   733 | D:2      | Gained mutation: You have a pair of small horns on your
                  | head. [demonic ancestry]
   733 | D:2      | Reached XP level 2. HP: 22/22 MP: 2/2
   786 | D:2      | Shot with a stone by something

Illustrated notes

Levels and vault maps discovered:
D:1:      psy_arrival_basics, layout_rooms, shapermc_ecumenical_altar_gd
D:2:      layout_basic, minmay_goblin_outpost

Skill      XL: |  1 |
---------------+----+-----
Axes           | 3 |  3.1
Fighting       | |  2.2
Throwing       | |  1.7
Dodging        | |  2.9

Action                   || total
-------------------------++-------
Melee: War axe           ||    27
       Headbutt          ||     1
  Use: Scroll            ||     1
Armor: Leather armour    ||    17
Dodge: Dodged            ||    25

Table legend: (Time is in decaauts)
 A = Elapsed time spent in this place.
 B = Non-inter-level travel time spent in this place.
 C = Inter-level travel time spent in this place.
 D = Time resting spent in this place.
 E = Time spent auto-exploring this place.
 F = Levels seen in this place.
 G = Mean time per level.
                   A        B        C        D        E       F      G
               +--------+--------+--------+--------+--------+-----+--------+
         Total |    795 |    774 |     21 |      0 |    641 |   2 |  397.5 |
       Dungeon |    795 |    774 |     21 |      0 |    641 |   2 |  397.5 |
               +--------+--------+--------+--------+--------+-----+--------+

Top non-repeatable levels by time:
     D:1: 446 daAuts
     D:2: 349 daAuts
